 Dungeon Crawl Stone Soup version 0.23-a0-639-ga9a3373 (webtiles) character file.

49 Azzok the Digger (level 3, 30/30 HPs)
             Began as a Deep Dwarf Earth Elementalist on Dec 29, 2018.
             Quit the game on level 2 of the Dungeon.
             The game lasted 00:03:10 (1803 turns).

Azzok the Digger (Deep Dwarf Earth Elementalist)    Turns: 1803, Time: 00:03:11

Health: 30/30      AC:  9    Str:  9    XL:     3   Next: 51%
Magic:  5/5        EV:  4    Int: 16    God:
Gold:   120        SH:  0    Dex: 13    Spells: 6/7 levels left

rFire    . . .     SeeInvis .   f - +2 spear (vamp)
rCold    . . .     Gourm    +   (no shield)
rNeg     . . .     Faith    .   l - +0 chain mail (curse)
rPois    .         Spirit   .   p - +0 helmet
rElec    .         Reflect  .   (no cloak)
rCorr    .         Harm     .   (no gloves)
MR       .....                  (no boots)
Stlth    ..........             i - amulet of the gourmand
HPRegen  0.00/turn              h - -2 ring of strength (curse)
MPRegen  0.09/turn              (no ring)

@: non-regenerating
A: damage resistance, heal wounds, sense surroundings 1, no regeneration
a: Heal Wounds


You were on level 2 of the Dungeon.
You were completely stuffed.

You visited 1 branch of the dungeon, and saw 2 of its levels.

You collected 120 gold pieces.

Inventory:

Hand Weapons
 f - a +2 vampiric spear (weapon)
Missiles
 b - 95 stones (quivered)
Armour
 c - a +0 robe
 l - a cursed +0 chain mail (worn)
 p - a +0 helmet (worn)
Jewellery
 h - a cursed -2 ring of strength (left hand)
 i - an amulet of the gourmand (around neck)
Scrolls
 e - a scroll of enchant armour
 g - a scroll of teleportation
 n - a scroll of amnesia
Potions
 a - a potion of ambrosia
 j - 2 potions of curing
 k - a potion of haste
 m - a potion of magic
 o - a potion of might
Comestibles
 d - 4 rations
 q - 6 chunks of flesh


   Skills:
 + Level 0.3 Fighting
 - Level 2.1 Dodging
 - Level 2.4 Stealth
 + Level 2.6 Spellcasting
   Level 0.8 Transmutations
 + Level 5.1 Earth Magic


You had 6 spell levels left.
You knew the following spells:

 Your Spells              Type           Power        Failure   Level  Hunger
a - Sandblast             Erth           ###...       97%         1    #......

Your spell library contained the following spells:

 Spells                   Type           Power        Failure   Level  Hunger
 Passwall                 Tmut/Erth      ##......     100%        2    ##.....
 Stone Arrow              Conj/Erth      ##....       100%        3    ###....
 Petrify                  Tmut/Erth      ##......     100%        4    #####..
 Lee's Rapid Deconstruct  Erth           ###.......   100%        5    ######.


Dungeon Overview and Level Annotations

Branches:
Dungeon (2/15)

Altars:

Annotations:
D:2 Sigmund


Innate Abilities, Weirdness & Mutations

You are resistant to damage.
You can heal yourself by infusing magical energy.
You passively map a small area around you.
You do not regenerate.


Message History

You hit Sigmund.
Sigmund is moderately wounded.
Your chain mail prevents you from hitting Sigmund.
Sigmund is moderately wounded.
Sigmund barely misses you.
You hit Sigmund.
You feel better.
Sigmund is heavily wounded.
Sigmund hits you with a +3 scythe.
You hit Sigmund.
Sigmund is heavily wounded.
Sigmund hits you with a +3 scythe.
* * * LOW HITPOINT WARNING * * *
Your chain mail prevents you from hitting Sigmund.
Sigmund is heavily wounded.
You closely miss Sigmund.
Sigmund is heavily wounded.
Sigmund hits you but does no damage.
Your magical essence is drained by the effort!
You feel much better. Sigmund hits you but does no damage.
Are you sure you want to abandon this character and quit the game? (Confirm

·····▒╬▒··············▒
░
·▒···▒·▒▒▒▒·▒▒····▒▒▒·▒
·▒···▒·▒ ▒·▒▒····▒ ▒·▒
░ ··▒▒▒▒·▒ ▒ ▒▒▒▒▒▒ ▒÷▒
░ ░ ▒··[···▒
▒·▒▒▒▒▒▒▒▒▒▒▒ ▒·▒····▒
▒▒▒▒)▒·········▒
▒···▒▒·▒ ◦
▒··············▒
·····▒·▒░
▒▒▒▒▒··············▒
▒··▒▒▒·▒ ◦
▒<·@@··············▒
▒······▒
▒▒▒▒▒··············▒
▒▒▒·▒▒▒▒░◦◦
▒··············▒ (···▒
░░ ▒····▒·········▒
····▒▒ ▒·▒▒·▒·········▒
·····▒
▒▒▒▒▒▒▒▒·▒·········▒
·····▒▒▒▒
◦·········▒·········▒
▒▒▒▒·▒··▒▒▒▒
▒▒▒▒▒▒▒▒·▒▒▒▒▒▒▒▒▒▒▒
▒·▒·▒·▒·▒▒▒▒ ▒·▒


You could see Sigmund.

Vanquished Creatures
  An adder (D:2)
  3 worms (D:2)
  A dart slug (D:1)
  3 bats
  2 giant cockroaches (D:1)
  4 goblins
  2 hobgoblins (D:2)
  3 jackals (D:1)
  3 frilled lizards
  4 kobolds (D:1)
  3 rats (D:1)
29 creatures vanquished.

Notes
Turn   | Place    | Note
-------+----------+-------------------------------------------
     0 | D:1      | Azzok the Deep Dwarf Earth Elementalist began the quest for
                  | the Orb.
     0 | D:1      | Reached XP level 1. HP: 15/15 MP: 3/3
   331 | D:1      | Reached XP level 2. HP: 22/22 MP: 3/5
  1415 | D:2      | Reached XP level 3. HP: 28/28 MP: 4/6
  1643 | D:2      | Reached skill level 5 in Earth Magic
  1755 | D:2      | Noticed Sigmund
  1803 | D:2      | Quit the game

Vault maps used:
D:1:      dpeg_arrival_lava_altar
D:2:      minmay_spotlight, first_ration, uniq_sigmund

Skill      XL: |  1  2  3 |
---------------+----------+-----
Spellcasting   | 2 |  2.6
Earth Magic    | 5 |  5.1
Fighting       | |  0.3
Dodging        | |  2.1
Stealth        | |  2.4
Transmutations | |  0.8

Action                   || total
-------------------------++-------
Melee: Spear             ||   125
 Cast: Sandblast         ||     8
 Abil: Heal Wounds       ||     1
  Use: Scroll            ||     8
 Stab: Sleeping          ||     2
  Eat: Ration            ||     1
       Chunk             ||    19
Armor: Robe              ||     3
       Chain mail        ||    46
Dodge: Dodged            ||    37

Table legend:
 A = Non-vault XP
 B = Vault XP
 C = Vault XP percentage of total XP
 D = Non-vault monster count
 E = Vault monster count
 F = Vault count percentage of total count
                 A         B        C        D         E       F
            +---------+---------+-------+---------+---------+-------
      Total |      64 |       6 |   8.6 |      27 |       2 |   6.9
            +---------+---------+-------+---------+---------+-------
        D:1 |      32 |       0 |   0.0 |      19 |       0 |   0.0
        D:2 |      32 |       6 |  15.8 |       8 |       2 |  20.0
            +---------+---------+-------+---------+---------+-------
